 Dungeon Crawl Stone Soup version 0.31-a0-825-gf28bc0971e (webtiles) character file.

Game seed: 2928230721736569565

75 qw the Shooter (level 4, -1/28 HPs)
             Began as a Gargoyle Hunter on Sept 23, 2023.
             Slain by a hobgoblin (5 damage)
             ... led by Robin
             ... on level 2 of the Dungeon.
             The game lasted 00:00:31 (954 turns).

qw the Shooter (Gargoyle Hunter)                     Turns: 954, Time: 00:00:32

Health: -1/28      AC:  6    Str: 15    XL:     4   Next: 31%
Magic:  4/4        EV: 11    Int:  9    God:
Gold:   90         SH:  0    Dex: 15    Spells: 3/3 levels left

rFire   . . .        Y - +0 shortbow
rCold   . . .        (shield currently unavailable)
rNeg    + . .        c - +0 leather armour
rPois   inf          (no helmet)
rElec   +            (no cloak)
rCorr   .            (no gloves)
SInv    .            (no boots)
Will    .....        e - amulet of faith
Stlth   ++           (no ring)
HPRegen 0.24/turn    (no ring)
MPRegen 0.09/turn

%: faith
@: no status effects
A: sickness immunity, AC +3, negative energy resistance 1, electricity
resistance, torment resistance 1, petrification resistance
a: no special abilities


You were on level 2 of the Dungeon.
You visited 1 branch of the dungeon, and saw 2 of its levels.

You collected 90 gold pieces.


Innate Abilities, Weirdness & Mutations

You are immune to sickness and miasma.
Your stone body is resilient. (AC +3)
You are immune to poison.
You resist negative energy. (rN+)
You are resistant to electric shocks. (rElec)
You are resistant to unholy torment.
You are immune to petrification.


   Skills:
 - Level 3.0 Fighting
 + Level 5.3 Ranged Weapons
 - Level 1.5 Dodging
 - Level 1.1 Stealth


You had 3 spell levels left.
You didn't know any spells.
Your spell library was empty.

Inventory:

Hand Weapons
 Y - a +0 shortbow (weapon)
Armour
 a - a +0 pair of boots
 c - a +0 leather armour (worn)
Jewellery
 e - an amulet of faith (around neck)
Scrolls
 b - a scroll of identify {unknown}
 d - a scroll of enchant armour {unknown}
Potions
 f - a potion of attraction {unknown}

Dungeon Overview and Level Annotations

Branches:
Dungeon (2/15)

Altars:
Sif Muna

Shops:
D:1 :

Annotations:
D:2 Robin


Message History

Robin throws the goblin at you!
The hobgoblin hits you but does no damage.
You shoot an arrow. The arrow barely misses the goblin.
The goblin hits you but does no damage.
The hobgoblin hits you but does no damage.
The goblin hits you with a +0 dagger.
You shoot an arrow. The arrow hits the goblin!
You kill the goblin!
The hobgoblin barely misses you.
You shoot an arrow.
The arrow hits the hobgoblin but does no damage.
The hobgoblin closely misses you. The goblin hits you but does no damage.
You shoot an arrow.
The arrow completely misses the hobgoblin.
The goblin no longer looks unusually strong.
The hobgoblin no longer looks unusually strong.
The hobgoblin hits you. The goblin barely misses you.
You shoot an arrow. The arrow hits the hobgoblin.
The hobgoblin is severely wounded.
The hobgoblin barely misses you. The goblin hits you with a +0 dagger.
You shoot an arrow. The arrow barely misses the hobgoblin.
The hobgoblin hits you. The goblin hits you with a +0 dagger.
The hobgoblin hits you but does no damage.
The goblin closely misses you.
You shoot an arrow. The arrow hits the hobgoblin.
You kill the hobgoblin!
You shoot an arrow. The arrow hits the goblin.
You kill the goblin!
The hobgoblin no longer looks unusually strong.
You shoot an arrow. The arrow barely misses the goblin.
The goblin closely misses you.
You shoot an arrow. The arrow hits the goblin.
You kill the goblin!
You shoot an arrow. The arrow hits the hobgoblin!
You kill the hobgoblin!
Robin roars a battlecry!
The hobgoblin goes into a battle-frenzy!
You shoot an arrow. The arrow barely misses the hobgoblin.
The hobgoblin hits you.
You die...

.......##.............
.......##....#........
..........#....|...#..
..........#.###.....##
.......<.#.)........#
#.......%#.......#
#....###.#.......#
#).......#.......#
#@)..............#
#...g.g))..............#
..######..............##
##.....##.....## #######
##


You could see Robin and a hobgoblin (strong).

Vanquished Creatures
  2 adders (D:2)
  2 worms (D:2)
  A dart slug (D:1)
  4 ball pythons (D:2)
  6 endoplasms
  11 goblins
  8 hobgoblins
  4 kobolds
  3 bats
  5 rats
46 creatures vanquished.

Notes
Turn   | Place    | Note
-------+----------+-------------------------------------------
     0 | D:1      | qw the Gargoyle Hunter began the quest for the Orb.
     0 | D:1      | Reached XP level 1. HP: 12/12 MP: 1/1
     0 | D:1      | 0 ||| qw: Version: 0.3-a-83-gcd0e7d8
     0 | D:1      | 0 ||| qw: Game counter: 1818
     0 | D:1      | 0 ||| qw: Melee chars always use a shield: true
     0 | D:1      | 0 ||| qw: God list: Okawaru
     0 | D:1      | 0 ||| qw: Allow faded altars: false
     0 | D:1      | 0 ||| qw: Do Orc after clearing Dungeon:15 true
     0 | D:1      | 0 ||| qw: Do second Lair branch before Depths: true
     0 | D:1      | 0 ||| qw: Lair rune preference: random
     0 | D:1      | 0 ||| qw: Goals: Normal
     0 | D:1      | 0 ||| PLANNING D:1-11
    84 | D:1      | Found Nankoahe's Vocational Training.
   219 | D:1      | Reached XP level 2. HP: 17/17 MP: 2/2
   617 | D:1      | 617 ||| UPGRADING to amulet of faith.
   622 | D:1      | 622 ||| READING scroll labelled ZYODEDO GOCKEDD.
   625 | D:1      | 625 ||| DROPPING scroll of butterflies.
   632 | D:2      | 632 ||| STAIRDANCE
   640 | D:2      | 640 ||| STAIRDANCE
   651 | D:2      | Found a shimmering blue altar of Sif Muna.
   671 | D:2      | Reached XP level 3. HP: 21/21 MP: 3/3
   688 | D:2      | Reached skill level 5 in Ranged Weapons
   747 | D:2      | Found a faded altar of an unknown god.
   849 | D:2      | 849 ||| Stepping ~*~*~tactically~*~*~ (water).
   852 | D:2      | 852 ||| Stepping ~*~*~tactically~*~*~ (water).
   897 | D:2      | Reached skill level 3 in Fighting
   897 | D:2      | Reached XP level 4. HP: 28/28 MP: 4/4
   931 | D:2      | Identified the +7 mace of Analysis {chaos, rPois rC+ MP+9}
   932 | D:2      | Noticed Robin
   948 | D:2      | HP: 4/28 [hobgoblin[Robin] (5)]
   954 | D:2      | Slain by a hobgoblin

Levels and vault maps discovered:
D:1:      ldierk_walled_garden, layout_basic, nicolae_shop_vocational
D:2:      wander_river, layout_rooms, basic_altar,
          nicolae_ecumenical_snake_handling, minmay_tromino_i4, uniq_robin

Skill      XL: |  1  2  3 |
---------------+----------+-----
Ranged Weapons | 5 |  5.3
Fighting       | 3 |  3.0
Dodging        | |  1.5
Stealth        | |  1.1

Action                     |  1- 3 |  4- 6 || total
---------------------------+-------+-------++-------
   Fire: Shortbow          |   101 |    36 ||   137
    Use: Scroll            |     1 |       ||     1
 Armour: Leather armour    |    20 |    30 ||    50
  Dodge: Dodged            |    27 |    21 ||    48

Table legend:
 A = Non-vault XP
 B = Vault XP
 C = Vault XP percentage of total XP
 D = Non-vault monster count
 E = Vault monster count
 F = Vault count percentage of total count
                 A         B        C        D         E       F
            +---------+---------+-------+---------+---------+-------
      Total |      47 |      61 |  56.5 |      28 |      18 |  39.1
            +---------+---------+-------+---------+---------+-------
        D:1 |      27 |       0 |   0.0 |      15 |       0 |   0.0
        D:2 |      20 |      61 |  75.3 |      13 |      18 |  58.1
            +---------+---------+-------+---------+---------+-------
